[Event "*** Titled Tuesday Blitz"]
[Site "Chess.com"]
[Date "2021.02.02"]
[Round "5"]
[White "mikolka1985"]
[Black "alexrustemov"]
[Result "0-1"]
[WhiteElo "2565"]
[BlackElo "2768"]
[TimeControl "180+1"]
[EndTime "10:59:56 PST"]
[Termination "alexrustemov won on time"]

1. d4 d5 2. c4 c6 3. Nc3 dxc4 4. e3 b5 5. a4 b4 6. Nb1 Qd5 7. Qc2 Ba6 8. Nd2 c3 9. bxc3 Bxf1 10. Kxf1 bxc3 11. Qxc3 Nf6 12. Ba3 Nbd7 13. Ngf3 Rc8 14. Qc2 e6 15. e4 Qa5 16. Bxf8 Kxf8 17. Nc4 Qa6 18. e5 Nd5 19. Kg1 h6 20. Nd6 Rb8 21.
h3 g6 22. Kh2 Kg7 23. Rhc1 Nb4 24. Qd2 Qd3 25. a5 Qxd2 26. Nxd2 c5 27. dxc5 Nxe5 28. a6 Nbc6 29. N2e4 Rb2 30. Rab1 Rhb8 31. Nb7 Ra2 32. Ra1 Re2 33. Re1 Rxe1 34. Rxe1 Nb4 35. f4 Nec6 36.
Ra1 f5 37. Ned6 g5 38. fxg5 hxg5 39. Ra4 Kf6 40. Ra1 Nd3 41. Rd1 Ndb4 42. Rb1 e5 43.
Ra1 e4 44. Kg1 Ke5 45. Na5 Nxa5 46. Rxa5 Nc6 47. Ra4 Rb1+ 48. Kf2 Rb2+ 49. Kf1 Rc2 50. Nc4+ Ke6 51. Nd6 Rxc5 52. Nc4 f4 53. Nd2 e3 54.
Nf3 Rc1+ 55. Ke2 Rc2+ 56. Kf1 Kf5 57. Ra5+ Kf6 58. Rxg5 Rc1+ 59. Ke2 Nd4+ 60. Nxd4 Kxg5 61. Ne6+ Kf5 62. Nd4+ Ke4 0-1

[Event "*** Titled Tuesday Blitz"]
[Site "Chess.com"]
[Date "2021.02.02"]
[Round "5"]
[White "PotapovaM"]
[Black "banane_verte"]
[Result "1-0"]
[WhiteElo "2644"]
[BlackElo "2443"]
[TimeControl "180+1"]
[EndTime "10:59:56 PST"]
[Termination "PotapovaM won by resignation"]

1. d4 Nf6 2. c4 e6 3. Nc3 Bb4 4. Qc2 d5 5. cxd5 exd5 6. Bg5 h6 7. Bh4 c5 8. dxc5 g5 9. Bg3 Ne4 10. Bxb8 Rxb8 11. e3 Qa5 12. Rc1 Bf5 13. Bd3 Nxc3 14.
bxc3 Bxd3 15. Qxd3 Qxc5 16. Ne2 Ba3 17. Rd1 O-O 18. h4 Qc4 19. hxg5 Qxd3 20. Rxd3 hxg5 21. Rxd5 f6 22. Rd7 Rf7 23. Rxf7 Kxf7 24. Rh7+ Kg6 25. Rd7 Bc5 26. g4 Re8 27. Ng3 Re7 28. Rd8 Kf7 29. Nf5 Rc7 30. Ke2 Be7 31. Rh8 Ke6 32. Re8 Kf7 33.
Rxe7+ Rxe7 34. Nxe7 Kxe7 35. Kd3 Kd6 36. Ke4 Ke6 37. a4 b6 38. f4 a6 39. Kd4 Kd6 40. f5 Kc6 41. e4 Kd6 42. e5+ fxe5+ 43. Ke4 a5 44. c4 Kc5 45. Kxe5 Kxc4 46. f6 b5 47. f7 bxa4 48. f8=Q Kb3 49. Qf1 a3 50. Qa1 a2 51. Kf5 a4 52. Kxg5 a3 53. Kf5 Ka4 54. Qxa2 Kb4 55. g5 Ka4 56. g6 Kb4 57. g7 Ka4 58. g8=Q Kb4 59. Qgb3+ Kc5 60. Qaxa3+ 1-0

[Event "*** Titled Tuesday Blitz"]
[Site "Chess.com"]
[Date "2021.02.02"]
[Round "5"]
[White "Alexander_Moskalenko"]
[Black "Msb2"]
[Result "1/2-1/2"]
[WhiteElo "2811"]
[BlackElo "2904"]
[TimeControl "180+1"]
[EndTime "10:59:57 PST"]
[Termination "Game drawn by agreement"]

1. d4 d5 2. Bf4 c5 3. e3 Nc6 4. Nf3 cxd4 5. exd4 Bg4 6. c3 e6 7.
Nbd2 Bd6 8. Bxd6 Qxd6 9. Bd3 Nge7 10. O-O Bf5 11. Nb3 O-O 12. Re1 Rab8 13. Bxf5 Nxf5 14.
Nc5 b6 15. Nd3 f6 16. Re2 Rbe8 17. Qb3 Re7 18. Rae1 Rfe8 19. h3 Kh8 20. Rd2 e5 21. dxe5 fxe5 22. Nb4 Nxb4 23. Qxb4 Qxb4 24. cxb4 d4 25. Ng5 e4 26. g4 e3 27. fxe3 dxe3 28. Rd5 Nh4 29. Kh2 e2 30. Kg3 Ng6 31. Rf5 h6 32. Nf3 Re3 33. Kf2 Kg8 34. Ng1 Nh4 35. Rf4 g5 36. Rf6 Kg7 37. Rd6 R3e4 38. Rxe2 Rf8+ 39.
Ke1 Rxb4 40. Re7+ Rf7 41. Rxf7+ Kxf7 42. b3 Re4+ 43. Kf2 Re6 44. Rd7+ Re7 45. Rd6 Re6 46. Rd7+ Re7 47. Rd8 Ng6 48. Ne2 Rc7 49. Ke3 Rc2 50. Rd7+ Kf6 51. Rxa7 Rb2 52. Ra6 Ne7 53. Rxb6+ Kf7 54.
Rxh6 Rxa2 55. Nd4 Rh2 56. Nf3 Rb2 57. Nxg5+ Kg7 58. Rh7+ Kf6 59. Rf7+ Kxg5 60. Rxe7 Rxb3+ 61. Kf2 Rxh3 62. Re4 Ra3 63. Kg2 Kh4 1/2-1/2

[Event "*** Titled Tuesday Blitz"]
[Site "Chess.com"]
[Date "2021.02.02"]
[Round "5"]
[White "LyonBeast"]
[Black "igorkovalenko"]
[Result "1/2-1/2"]
[WhiteElo "3099"]
[BlackElo "2882"]
[TimeControl "180+1"]
[EndTime "10:59:58 PST"]
[Termination "Game drawn by repetition"]

1. c4 c5 2. g3 g6 3. Bg2 Bg7 4. Nc3 Nc6 5. Nf3 d6 6. O-O Qd7 7. a3 b6 8. e3 Bxc3 9. bxc3 Bb7 10. d3 f5 11. e4 Nf6 12. Re1 fxe4 13. dxe4 e5 14. Nd2 Na5 15. Nf1 Nxc4 16. Bg5 O-O 17. Qb3 b5 18. a4 a6 19. axb5 axb5 20. Rxa8 Bxa8 21. Bxf6 Rxf6 22. Ne3 Kg7 23. Nxc4 bxc4 24. Qxc4 Qf7 25. Qe2 Bc6 26. h4 Bd7 27. Rb1 h5 28. Rb7 Qe6 29. Qd2 Rf7 30. Rb6 Rf6 31. Bf1 Bc8 32. Rb8 Rf7 33. Rb6 Rf6 34. Be2 Qe7 35. Qg5 Qc7 36. Rb1 Qc6 37. Qe3 Bb7 38. f3 Bc8 39. Qd2 Qd7 40. Rb8 Qh3 41. Qg5 Rf7 42.
Bf1 Qe6 43. Qe3 Rc7 44. Rb6 Rb7 45. Rxb7+ Bxb7 46. Qd2 Bc6 47. Be2 d5 48. exd5 Qxd5 49. Qg5 Qd6 50. Kf2 Qf6 51. Qe3 Qd6 52. g4 hxg4 53. fxg4 Qf6+ 54. Kg3 e4 55. h5 Qe5+ 56. Kg2 gxh5 57. gxh5 Qf5 58. Kg3 Qe5+ 59. Kh4 Qh2+ 60.
Kg5 Qe5+ 61. Kh4 Qh2+ 62. Kg5 Qe5+ 63. Kh4 1/2-1/2

[Event "*** Titled Tuesday Blitz"]
[Site "Chess.com"]
[Date "2021.02.02"]
[Round "5"]
[White "ChessQueen"]
[Black "Marcin"]
[Result "1-0"]
[WhiteElo "2718"]
[BlackElo "2509"]
[TimeControl "180+1"]
[EndTime "10:59:58 PST"]
[Termination "ChessQueen won by resignation"]

1. e4 c6 2. Nc3 d5 3. Nf3 a6 4. g3 d4 5. Ne2 c5 6. d3 Nc6 7. Bg2 e5 8. O-O f6 9. a4 Be6 10. Nd2 Bd6 11. b3 Nge7 12. Nc4 Bc7 13. f4 Qd7 14. f5 Bf7 15. Bd2 b6 16. g4 O-O 17.
Qe1 b5 18. Nb2 Nc8 19. Qh4 Nd6 20. Rf3 Kh8 21. Rh3 Bg8 22. Bf3 Nb4 23. Rc1 bxa4 24. Nxa4 Qb5 25. g5 fxg5 26. Bxg5 Bd8 27. Bh5 Bxg5 28.
Qxg5 Nf7 29. Qe7 Rae8 30. Qxc5 Qxc5 31. Nxc5 Rc8 32. Ne6 Rfe8 33. c4 dxc3 34. Rxc3 Nd6 35. Bxe8 Rxe8 36. Ng5 Nb5 37. Rc1 h6 38. Ne6 Bxe6 39. fxe6 Rxe6 40. Rf1 Kg8 41. Rg3 Rd6 42. Rff3 Nd4 43. Nxd4 Rxd4 44. h4 Rd6 45. h5 Nc2 46. Rf2 Nd4 47. Rfg2 Rd7 48. Kf2 Nxb3 49. Ke3 a5 50. Rg6 a4 51. Ra6 Rxd3+ 52. Kxd3 Nc5+ 53. Kc4 Nxa6 54. Rb2 Nb8 55. Rb6 Nd7 56. Re6 Nf6 57. Rxe5 Kf7 58. Kd4 a3 59. Ra5 a2 60. Rxa2 Nxh5 61.
e5 Nf4 62. Ke4 Ne6 63. Kd5 Nc7+ 64. Kd6 Ne8+ 65. Kd7 g5 66. Rf2+ 1-0

[Event "*** Titled Tuesday Blitz"]
[Site "Chess.com"]
[Date "2021.02.02"]
[Round "5"]
[White "Grimlock_Glasgow"]
[Black "Cambek64"]
[Result "1-0"]
[WhiteElo "2494"]
[BlackElo "2286"]
[TimeControl "180+1"]
[EndTime "10:59:59 PST"]
[Termination "Grimlock_Glasgow won by resignation"]

1. e4 e6 2. Nf3 d5 3. exd5 exd5 4. d4 Nf6 5. Bd3 Bd6 6. O-O O-O 7. Bg5 Bg4 8. Nbd2 Nbd7 9. c3 c6 10. Qc2 Qc7 11.
Rae1 Rae8 12. h3 Bh5 13. Nh4 Bg6 14. Nxg6 hxg6 15. Nf3 Bf4 16. g3 Bxg5 17. Nxg5 Rxe1 18. Rxe1 Re8 19. Rxe8+ Nxe8 20. Kg2 Ndf6 21. h4 Qe7 22.
Qd2 Kf8 23. Qf4 Qd6 24. Qe3 Qe7 25. Qxe7+ Kxe7 26. f4 Nd6 27. Kf3 Nf5 28. Nh3 Nd6 29.
Nf2 Nf5 30. Bc2 Nd6 31. g4 Nc4 32. b3 Na3 33. Bd3 a6 34. g5 Ne8 35. f5 gxf5 36. Bxf5 g6 37. Bd3 Nd6 38. Kg4 Nab5 39. Nd1 Nc7 40.
h5 gxh5+ 41. Kxh5 Ne6 42. Kg4 a5 43. Ne3 b6 44. a4 Nc7 45. Bc2 c5 46. Nf5+ Ke6 47.
Nxd6 Kxd6 48. Kf5 Ne8 49. Bd3 cxd4 50. cxd4 Nc7 51. Kf6 Ne6 52. Bb5 Nxd4 53. Kxf7 Nf3 54. g6 Ne5+ 55. Kf6 Nxg6 56. Kxg6 Kc5 57. Kf5 Kb4 58. Ke5 Kxb3 59. Kxd5 Kb4 60. Kc6 Kc3 61. Kxb6 Kd4 62. Kxa5 Kd5 63. Ka6 Kd6 64. a5 Kc7 65.
Ka7 Kc8 66. a6 Kc7 67. Be2 Kd6 68. Bf3 Ke5 69. Kb7 Kf4 70. a7 1-0

[Event "*** Titled Tuesday Blitz"]
[Site "Chess.com"]
[Date "2021.02.02"]
[Round "5"]
[White "Taktikmonster"]
[Black "Larciano"]
[Result "1-0"]
[WhiteElo "2297"]
[BlackElo "1683"]
[TimeControl "180+1"]
[EndTime "11:00:01 PST"]
[Termination "Taktikmonster won on time"]

1. e4 e5 2. Nf3 Nc6 3. Bc4 Nf6 4.
d3 Bc5 5. c3 d6 6. O-O a6 7.
Nbd2 Ba7 8. Bb3 O-O 9. h3 Nh5 10. Nc4 Nf4 11. Ne3 Qf6 12. Nd5 Nxd5 13. exd5 Nb8 14.
d4 exd4 15. cxd4 Nd7 16. Bc2 h6 17. Qd3 Qg6 18. Qxg6 fxg6 19. Bxg6 Nf6 20. Be3 Nxd5 21. Rac1 Bxh3 22. Be4 Be6 23. Bxd5 Bxd5 24. Rxc7 Bb6 25. Rd7 Rad8 26. Rxd8 Bxd8 27. Nd2 Bxa2 28. b3 Ba5 29. Nc4 Bb4 30. Nb6 a5 31. Nd5 Bxb3 32. Nxb4 axb4 33. Rb1 Bd5 34. Rxb4 Bc6 35. f3 Ra8 36.
Bf4 d5 37. Be5 Ra1+ 38. Kf2 Kf7 39. f4 g5 40. fxg5 hxg5 41. Rb3 g4 42. Kg3 Rg1 43.
Rb2 Ke6 44. Kxg4 Kf7 45. Rf2+ Kg6 46. Kf4 Rh1 47. g4 Rg1 48. Rh2 Kf7 49. Rh6 Kg8 50.
g5 Rf1+ 51. Kg4 Bd7+ 52. Kg3 Rg1+ 53. Kf4 Rf1+ 54. Ke3 Rg1 55. Bf6 Re1+ 56. Kf4 Rf1+ 57. Ke5 Bc6 58. Rh8+ Kf7 59. Rh7+ Kg8 60. Rg7+ Kf8 61.
g6 1-0

[Event "*** Titled Tuesday Blitz"]
[Site "Chess.com"]
[Date "2021.02.02"]
[Round "5"]
[White "frederiksvane"]
[Black "IriBu"]
[Result "1-0"]
[WhiteElo "2766"]
[BlackElo "2556"]
[TimeControl "180+1"]
[EndTime "11:00:02 PST"]
[Termination "frederiksvane won by resignation"]

1. e4 c5 2. Nf3 Nc6 3. Bb5 g6 4.
O-O Bg7 5. Bxc6 bxc6 6. Re1 Nh6 7. c3 O-O 8. d4 cxd4 9. cxd4 d5 10. e5 f6 11.
exf6 exf6 12. Nbd2 Nf5 13. Nb3 Nd6 14. Bf4 Bg4 15.
h3 Bxf3 16. Qxf3 Ne4 17. Rac1 Rc8 18. Qd3 f5 19. f3 g5 20. Bh2 Nd6 21. Nc5 Nc4 22. b3 Qf6 23. Be5 Nxe5 24. dxe5 Qe7 25. e6 f4 26. Kh1 Bf6 27. Nd7 Rfe8 28. Qf5 Kg7 29. h4 h6 30. h5 Bb2 31. Rc2 Bd4 32. Qg6+ Kh8 33. Qxh6+ Qh7 34. Qxh7+ Kxh7 35. Kh2 Kg7 36.
Kh3 Be3 37. Nc5 Kh6 38. Kg4 Re7 39. Kf5 Rf8+ 40. Ke5 Rfe8 41. Kd6 d4 42. Kxc6 d3 43. Nxd3 Rxe6+ 44. Kd5 Rf6 45. Ne5 Rf5 46. Rc6+ Kh7 47. Re6 Rxe6 48. Kxe6 Rf8 49. Ng4 Re8+ 50. Kf7 Rc8 51.
Rd1 Rc7+ 52. Ke6 Bc5 53. Rd7+ Rxd7 54. Kxd7 Kg7 55. Ke6 a5 56. Kf5 Be7 57. Ne5 Kh6 58. Kg4 Bf6 59. Nf7+ Kg7 60. Nxg5 Be5 61. Ne6+ Kf6 62.
Nxf4 Bxf4 63. Kxf4 Kg7 64. g4 Kh6 65. a4 1-0

[Event "*** Titled Tuesday Blitz"]
[Site "Chess.com"]
[Date "2021.02.02"]
[Round "5"]
[White "GelmanAlexander"]
[Black "SergeiAza"]
[Result "1-0"]
[WhiteElo "2587"]
[BlackElo "2775"]
[TimeControl "180+1"]
[EndTime "11:00:03 PST"]
[Termination "GelmanAlexander won on time"]

1. d4 f5 2. Nc3 Nf6 3. Bf4 d5 4. Nb5 Na6 5. e3 c6 6. Nc3 Nb8 7. Nf3 e6 8. Bd3 Bd6 9. Ne2 O-O 10. O-O b6 11. c4 Ba6 12. Rc1 Qe7 13. h3 Nbd7 14.
Bxd6 Qxd6 15. c5 bxc5 16. Bxa6 c4 17. b3 Rab8 18. bxc4 Qa3 19. cxd5 Qxa6 20. dxe6 Nb6 21. Rxc6 Qxa2 22. Nf4 Nbd5 23. Nxd5 Qxd5 24. Qc2 Rfe8 25.
Ra1 Rxe6 26. Rxe6 Qxe6 27. Rxa7 Rc8 28. Qa2 Qxa2 29. Rxa2 Rc1+ 30. Kh2 Ne4 31. Ne5 g5 32. f3 Nc3 33. Ra8+ Kg7 34. Ra7+ Kg8 35. Rc7 h5 36. h4 gxh4 37. Ng6 h3 38. gxh3 Rc2+ 39.
Kh1 Rc1+ 40. Kg2 Rc2+ 41. Kf1 Nd1 42. Rxc2 Nxe3+ 43. Ke2 Nxc2 44. Kd3 Ne1+ 45. Ke3 Nc2+ 46. Kd3 Ne1+ 47. Ke2 Nc2 48. d5 Kf7 49. Nf4 h4 50. Kd3 Ne1+ 51. Ke3 Nc2+ 52. Kd3 Ne1+ 53. Ke2 Nc2 54. Ng2 Kf6 55. Nxh4 Ke5 56. Ng6+ Kxd5 57. h4 Nd4+ 58. Ke3 Ne6 59. Nf4+ Nxf4 60. Kxf4 Ke6 61. Kg5 1-0

[Event "*** Titled Tuesday Blitz"]
[Site "Chess.com"]
[Date "2021.02.02"]
[Round "5"]
[White "Papullon"]
[Black "Alex_Molchanov"]
[Result "0-1"]
[WhiteElo "2127"]
[BlackElo "2460"]
[TimeControl "180+1"]
[EndTime "11:00:03 PST"]
[Termination "Alex_Molchanov won by resignation"]

1. d4 d5 2. Bg5 c5 3. Nc3 Nf6 4. Bxf6 exf6 5. e4 dxe4 6. dxc5 Qxd1+ 7. Rxd1 Bxc5 8. Nxe4 Bb4+ 9. c3 Be7 10. Nd6+ Bxd6 11.
Rxd6 Ke7 12. Rd2 Be6 13. a3 Nc6 14. Nf3 Rhe8 15. Bb5 Rad8 16. Bxc6 bxc6 17. Nd4 Rd6 18. O-O c5 19. Nf3 Rxd2 20. Nxd2 Bd5 21. c4 Bc6 22.
Re1+ Kf8 23. Rxe8+ Kxe8 24. Nb3 Kd7 25. Nxc5+ Kd6 26.
Nd3 Be4 27. Nc1 Kc5 28. b3 a5 29. f3 Bc2 30. a4 Kb4 31. Kf2 Kc3 32. Ke3 Kb2 33.
Kd2 Bf5 34. c5 Bd7 35. f4 g5 36. g3 h6 37. h4 gxf4 38. gxf4 Bc6 39. b4 axb4 40.
a5 Ka3 41. a6 b3 42. Nxb3 Kxb3 43. Kd3 Kb4 44. Kd4 Kb5 45. a7 Ba8 46. f5 h5 47. c6 Kxc6 48. Kc4 Kb6 49. Kd4 Kxa7 50.
Kc5 Be4 51. Kd6 Bxf5 52. Ke7 Bg6 53. Kxf6 Kb6 54. Ke5 Kc5 55. Kf4 Kd4 56. Kg5 Ke3 57. Kf6 Kf3 58. Kg7 Kg3 59. Kf6 Kxh4 60. Ke5 Kg3 61. Kd4 h4 62. Ke5 h3 63. Kf6 h2 64.
Kg7 h1=Q 65. Kf6 Qf3+ 0-1

[Event "*** Titled Tuesday Blitz"]
[Site "Chess.com"]
[Date "2021.02.02"]
[Round "5"]
[White "Machidon"]
[Black "Alexsur1981"]
[Result "0-1"]
[WhiteElo "2554"]
[BlackElo "2849"]
[TimeControl "180+1"]
[EndTime "11:00:05 PST"]
[Termination "Alexsur1981 won by resignation"]

1. d4 d6 2. e4 g6 3. Nc3 Bg7 4. Bg5 a6 5. Nf3 b5 6. Bd3 Bb7 7. a4 b4 8. Ne2 Nd7 9. a5 c5 10. c3 h6 11. Be3 bxc3 12. bxc3 cxd4 13. cxd4 Ngf6 14. Ng3 O-O 15. O-O d5 16. e5 Ne4 17.
Qb1 Rb8 18. Nxe4 dxe4 19. Bxe4 Bxe4 20. Qxe4 Rb5 21. e6 f5 22. Qc2 Nb8 23. Rfc1 Qd5 24. Rab1 Rxb1 25. Rxb1 Qxe6 26. Qc7 Qd6 27. Qxd6 exd6 28.
Rb6 Rd8 29. Bf4 Bf8 30. h4 Kf7 31. d5 Nd7 32. Rxa6 Nf6 33. Ra7+ Ke8 34. Nd4 Nxd5 35. Ne6 Rb8 36. Nc7+ Nxc7 37. Rxc7 Rb1+ 38. Kh2 Ra1 39. Bd2 Be7 40. g3 g5 41. hxg5 hxg5 42. Kg2 Ra2 43. Bc3 g4 44. Kf1 Bd8 45. Ra7 d5 46. Ra6 Kd7 47. Bb4 Bc7 48. Rf6 Ra4 49. Be1 Bxa5 50. Bxa5 Rxa5 51. Rxf5 Kc6 52. Rf4 Kc5 53. Rxg4 Ra1+ 54. Kg2 d4 55. Rg5+ Kc4 56. Rg8 d3 57. Rc8+ Kb3 58. Rd8 Kc3 59. g4 d2 60. Rc8+ Kb4 61.
Rb8+ Kc5 62. Rc8+ Kb6 63. Rd8 d1=Q 64. Rxd1 Rxd1 65. g5 Kc6 66. Kg3 Kd6 0-1

[Event "*** Titled Tuesday Blitz"]
[Site "Chess.com"]
[Date "2021.02.02"]
[Round "5"]
[White "Lady_Nika"]
[Black "anantone"]
[Result "0-1"]
[WhiteElo "2390"]
[BlackElo "2539"]
[TimeControl "180+1"]
[EndTime "11:00:05 PST"]
[Termination "anantone won by checkmate"]

1. d4 Nf6 2. e3 g6 3. f4 Bg7 4. Nf3 O-O 5. c3 d6 6. Be2 b6 7.
O-O Bb7 8. Na3 c5 9. Nc2 Nbd7 10. b3 Ne4 11. Bb2 Rc8 12. Rc1 Ndf6 13. c4 cxd4 14. exd4 d5 15. Ne3 Rc7 16. Ne5 Qa8 17. Bf3 Rfc8 18.
Qe2 dxc4 19. bxc4 Nd6 20. Bxb7 Qxb7 21. Rc2 Qe4 22. Qf2 Nf5 23. Nxf5 Qxf5 24. Rfc1 Ne4 25.
Qe3 h5 26. c5 bxc5 27. dxc5 e6 28. c6 Nf6 29. Qf3 Nd5 30. g3 g5 31. Qxh5 gxf4 32. Qxf5 exf5 33. gxf4 Nxf4 34. Rf1 Ng6 35. Rxf5 Bxe5 36.
Bxe5 Rxc6 37. Rxc6 Rxc6 38. Bd4 a6 39. Rf2 Kf8 40.
Be3 Ke8 41. Bg5 Re6 42. Rd2 f6 43. Bh6 Ne5 44. Rb2 Kf7 45. Bf4 Nd3 46. Rb7+ Kg6 47. Bg3 f5 48. Rd7 Re3 49. Rd6+ Kg5 50. Kg2 f4 51.
Rd5+ Kg6 52. Rd6+ Kf5 53. Rd5+ Ke4 54. Bh4 Kxd5 55. Bf6 Ke4 56. Bd8 Re2+ 57. Kh3 Rxa2 58. Bb6 a5 59. Bg1 a4 60. Ba7 a3 61. Bb8 Rb2 62.
Bd6 a2 63. Be7 a1=Q 64. Bf6 Qf1+ 65. Kg4 Rxh2 66. Bd4 Qg2# 0-1

[Event "*** Titled Tuesday Blitz"]
[Site "Chess.com"]
[Date "2021.02.02"]
[Round "5"]
[White "anon132639"]
[Black "MITerryble"]
[Result "0-1"]
[WhiteElo "2803"]
[BlackElo "2932"]
[TimeControl "180+1"]
[EndTime "11:00:06 PST"]
[Termination "MITerryble won by resignation"]

1. Nf3 Nf6 2. c4 b6 3. b3 Bb7 4. Bb2 g6 5. g3 Bg7 6. Bg2 O-O 7. O-O c5 8. Nc3 d5 9. cxd5 Nxd5 10. Qc1 Nc6 11.
Nxd5 Qxd5 12. Bxg7 Kxg7 13. Qc3+ Kg8 14. Ne5 Qxe5 15.
Qxe5 Nxe5 16. Bxb7 Rad8 17. d3 Rd7 18. Bg2 Rfd8 19.
Rfc1 Rd4 20. a3 a5 21. Rab1 h5 22. h3 Kg7 23. Rc3 f5 24. f4 Nf7 25. b4 axb4 26.
axb4 cxb4 27. Rcb3 h4 28. gxh4 Rxf4 29. Rxb4 Rxb4 30.
Rxb4 Rd6 31. Kf2 Kf6 32. Bf3 Ne5 33. Kg3 Nd7 34. h5 g5 35. h4 g4 36. Bg2 Nc5 37.
h6 Kg6 38. Kf4 Ne6+ 39. Ke5 Nd8 40. Bd5 Kxh6 41. e4 fxe4 42. dxe4 g3 43. Rb2 Rg6 44. Rg2 Kh5 45. Kf4 Kxh4 46. e5 Rg7 47.
Be4 Ne6+ 48. Ke3 Rf7 49. Bb7 Rf5 50. Ke4 Rf2 51. Ke3 Rxg2 52. Bxg2 Kg4 53. Bf3+ Kh3 54.
Ke4 g2 55. Bxg2+ Kxg2 56. Kf5 Nc5 57. Kg6 b5 58. Kf7 e6 59. Ke7 b4 60. Kd6 b3 61.
Kxc5 b2 62. Kd6 b1=Q 63. Kxe6 Kf3 64. Kf7 Qb7+ 65. Kf8 Qd5 66. e6 Qxe6 0-1

[Event "*** Titled Tuesday Blitz"]
[Site "Chess.com"]
[Date "2021.02.02"]
[Round "5"]
[White "Natalya_Buksa"]
[Black "GMaka"]
[Result "0-1"]
[WhiteElo "2547"]
[BlackElo "2416"]
[TimeControl "180+1"]
[EndTime "11:00:06 PST"]
[Termination "GMaka won by resignation"]

1. d4 e6 2. Nc3 b6 3. e4 Bb7 4. f3 Bb4 5. Bd3 Ne7 6. Ne2 d5 7.
O-O c5 8. dxc5 Bxc5+ 9. Kh1 O-O 10. exd5 Nxd5 11. Nxd5 Qxd5 12. Be4 Qxd1 13. Rxd1 Bxe4 14. fxe4 Nc6 15. Bf4 e5 16. Bg3 Rfd8 17. c3 f6 18. h3 Be3 19. Ng1 Na5 20. Nf3 Nc4 21. b3 Nb2 22.
Re1 Bd2 23. Nxd2 Rxd2 24. Re3 Rad8 25. Kh2 Rc2 26. Be1 Nd1 27. Rf3 Re2 28. Bg3 Rxe4 29.
c4 Re2 30. Rf1 Ne3 31. Rf2 Rdd2 32. Kg1 Nc2 33. Rxe2 Rxe2 34. Rd1 Ne3 35. Rd8+ Kf7 36. Bf2 Kg6 37. Bxe3 Rxe3 38. Kf2 Rc3 39. Rd2 Kf5 40. Rd7 Rc2+ 41. Kg3 Rxa2 42. Rxg7 h5 43. Rh7 Kg6 44. Rb7 Rb2 45. Rxa7 Rxb3+ 46. Kf2 Kg5 47. Rb7 Kf4 48. c5 Rb2+ 49. Kg1 b5 50. c6 Kg3 51. Rg7+ Kf4 52. Rb7 f5 53. Kf1 e4 54. h4 Rb1+ 55. Ke2 Rc1 56. c7 b4 57. Kf2 Rc2+ 58. Kf1 Kg3 59.
Rb5 Kf4 60. Rxb4 Rxc7 61. Rb2 Rc3 62. Kf2 Rg3 63. Rb8 Rg4 64. Re8 e3+ 65. Kf1 Rxh4 66. Ke2 Kg3 67. Kxe3 Re4+ 68. Rxe4 fxe4 69. Kxe4 Kxg2 70.
Kf4 h4 71. Kg4 h3 0-1

[Event "*** Titled Tuesday Blitz"]
[Site "Chess.com"]
[Date "2021.02.02"]
[Round "5"]
[White "boasovietica"]
[Black "floplover"]
[Result "1-0"]
[WhiteElo "2505"]
[BlackElo "2314"]
[TimeControl "180+1"]
[EndTime "11:00:08 PST"]
[Termination "boasovietica won on time"]

1. e4 c6 2. d4 d5 3. exd5 cxd5 4. Bd3 Nc6 5. c3 Nf6 6. Ne2 Bg4 7.
O-O e6 8. Qe1 Bxe2 9. Qxe2 Bd6 10.
Bg5 h6 11. Bh4 Qc7 12. Bg3 Bxg3 13. hxg3 h5 14. Nd2 h4 15. gxh4 Rxh4 16. g3 Rh6 17.
Kg2 O-O-O 18. Rh1 Rdh8 19. Rxh6 Rxh6 20. Rh1 Rxh1 21. Kxh1 Qd8 22. Kg2 Qh8 23. Nf3 Qh6 24. Qd2 Qxd2 25. Nxd2 Kc7 26. Kf3 Kd6 27. Ke3 e5 28. dxe5+ Nxe5 29. f3 Nfd7 30. Be2 Nc5 31.
f4 Nc6 32. b3 Ne7 33. Bg4 g6 34. Kd4 Nc6+ 35. Ke3 Ne7 36. Bh3 Nc6 37. g4 Ne7 38. g5 Nc6 39. Bg4 a5 40. Bh3 b6 41. Bg4 Na7 42.
c4 b5 43. cxd5 Kxd5 44. Bf3+ Kd6 45. Ne4+ Nxe4 46. Bxe4 b4 47. Bd3 Nc8 48. Bc4 Ke7 49.
Kd4 Nd6 50. Bd3 Ke6 51. Kc5 Nb7+ 52. Kb6 Nd8 53. Kxa5 Nc6+ 54. Kb5 Kd5 55. Bc4+ Kd6 56. Bxf7 Nd4+ 57. Kxb4 Ne2 58. Bxg6 Nxf4 59. Bf7 Ke7 60. g6 Kf8 61. a4 Kg7 62. a5 Nd3+ 63. Kb5 1-0

[Event "*** Titled Tuesday Blitz"]
[Site "Chess.com"]
[Date "2021.02.02"]
[Round "5"]
[White "bsnsun"]
[Black "Michaelson_11"]
[Result "0-1"]
[WhiteElo "2465"]
[BlackElo "2287"]
[TimeControl "180+1"]
[EndTime "11:00:08 PST"]
[Termination "Michaelson_11 won by resignation"]

1. e4 c5 2. Nf3 Nc6 3. d4 cxd4 4.
Nxd4 g6 5. c4 Nf6 6. Be3 Bg7 7.
Nc3 O-O 8. Be2 d6 9. O-O Nxd4 10. Bxd4 Bd7 11. f3 Bc6 12. Qd2 a5 13. Rfd1 Nd7 14. Bf2 Nc5 15. Rac1 a4 16. Bf1 Qa5 17. Nd5 Bxd5 18.
cxd5 Qxd2 19. Rxd2 Bh6 20. Rxc5 Bxd2 21. Rc7 a3 22.
bxa3 Rxa3 23. Rxe7 Rxa2 24. Rxb7 Rc8 25. Bd4 Bc3 26. Be3 Bf6 27. Rb6 Rc3 28. Bf2 Be5 29.
f4 Bxf4 30. Rb8+ Kg7 31. Bd4+ Be5 32. Bxc3 Bxc3 33. g3 Bd4+ 34. Kh1 Rf2 35. Bb5 Rb2 36. Rb7 Be5 37. Kg1 Bd4+ 38. Kf1 Kf6 39. Ke1 Rxh2 40. Be8 Kg5 41. Rxf7 Rg2 42. Rxh7 Rxg3 43. Rg7 Kf6 44.
Rg8 Kg5 45. Rxg6+ Kf4 46. Re6 Be5 47. Bg6 Rg2 48. Kd1 Ra2 49. Re8 Rg2 50. Kc1 Ke3 51. Rf8 Rxg6 52. Ra8 Kxe4 53. Ra5 Rg2 54. Kd1 Kd4 55.
Kc1 Kc4 56. Kd1 Bc3 57. Ra6 Kxd5 58. Ra8 Be5 59. Ra5+ Ke6 60. Ra6 Kf5 61. Ke1 d5 62. Kf1 Rb2 63. Ra5 Ke4 64. Ra4+ d4 65. Ke1 Ke3 66.
Kd1 d3 67. Ra1 Rh2 0-1

[Event "*** Titled Tuesday Blitz"]
[Site "Chess.com"]
[Date "2021.02.02"]
[Round "5"]
[White "Rsnr"]
[Black "HristosBanikas"]
[Result "1-0"]
[WhiteElo "2789"]
[BlackElo "2859"]
[TimeControl "180+1"]
[EndTime "11:00:09 PST"]
[Termination "Rsnr won by resignation"]

1. d4 Nf6 2. c4 g6 3. g3 Bg7 4. Bg2 O-O 5. Nf3 c5 6. O-O d6 7. Nc3 Nc6 8. d5 Na5 9. Nd2 a6 10. Rb1 Rb8 11. Qc2 b5 12. b3 bxc4 13. bxc4 Rxb1 14. Qxb1 Ng4 15. Qc2 e6 16. Bb2 Ne5 17. Na4 exd5 18. cxd5 Bd7 19. f4 Ng4 20. Bxg7 Kxg7 21.
h3 Bxa4 22. Qxa4 Ne3 23. Rb1 Re8 24. Bf3 Nf5 25. Kf2 Nd4 26. e3 Nb5 27. Rc1 Qe7 28. Qxa5 Qxe3+ 29. Kg2 Qd3 30. a4 Nd4 31. Qc3 Re2+ 32.
Bxe2 Qxe2+ 33. Kg1 Qxd2 34. Qxd2 Nf3+ 35. Kf2 Nxd2 36.
Ke3 Nb3 37. Rb1 c4 38. g4 f5 39. g5 Kf7 40. h4 a5 41. h5 Kg7 42. hxg6 hxg6 43.
Rh1 Nc5 44. Rc1 Nxa4 45. Rxc4 Nc5 46. Kd4 Kf7 47. Rc2 a4 48. Rb2 Nb3+ 49. Kc4 Nc5 50. Rb6 Ne4 51. Ra6 Ke7 52. Rxa4 Nf2 53. Ra7+ Ke8 54.
Kd4 Ne4 55. Rg7 Kf8 56. Rxg6 Kf7 57. Re6 Ng3 58. Re3 Nh5 59. Rf3 Kg6 60. Rf1 Ng3 61. Rc1 Ne4 62. Re1 Ng3 63. Re6+ Kh5 64. Rxd6 Kg4 65.
Ke5 Ne2 66. g6 1-0

[Event "*** Titled Tuesday Blitz"]
[Site "Chess.com"]
[Date "2021.02.02"]
[Round "5"]
[White "sara_khm"]
[Black "vinniethepooh"]
[Result "1/2-1/2"]
[WhiteElo "2498"]
[BlackElo "2726"]
[TimeControl "180+1"]
[EndTime "11:00:09 PST"]
[Termination "Game drawn - insufficient material"]

1. d4 Nf6 2. Nf3 d5 3. c4 e6 4. Nc3 c6 5. e3 Nbd7 6. b3 Bb4 7. Bd2 Bxc3 8. Bxc3 Ne4 9. Qc2 Nxc3 10. Qxc3 O-O 11. Bd3 Re8 12. O-O b6 13. e4 Bb7 14. cxd5 exd5 15. e5 c5 16. Rae1 Rc8 17. Qd2 c4 18.
Bf5 cxb3 19. axb3 Ba6 20. Bd3 Bxd3 21. Qxd3 Nf8 22. Nd2 Qc7 23. Re3 Qc2 24. Qe2 Ne6 25. Nf3 Qxe2 26. Rxe2 Rc3 27. Re3 Rec8 28. Rfe1 g5 29.
h3 h5 30. Rxc3 Rxc3 31. Re3 Rc1+ 32. Kh2 g4 33. hxg4 hxg4 34. Nh4 Nxd4 35. Rd3 Nc6 36. Rxd5 Rc5 37. Rd7 Rxe5 38. Rc7 Rc5 39. Kg3 a5 40. Nf5 Rxf5 41. Rxc6 Rb5 42. Rc3 f5 43. Kf4 Kf7 44. Kg5 Ke6 45. Re3+ Kd6 46. f4 gxf3 47. gxf3 Rd5 48. f4 b5 49. Kf6 a4 50.
bxa4 bxa4 51. Ra3 Ra5 52. Rd3+ Kc5 53. Kxf5 Kc4+ 54. Ke4 a3 55. Rd1 Kc3 56. f5 a2 57.
f6 a1=Q 58. Rxa1 Rxa1 59. Ke5 Re1+ 60. Kd6 Kd4 61. f7 Rf1 62. Ke7 Re1+ 63. Kd7 Rf1 64. Ke7 Rxf7+ 65. Kxf7 1/2-1/2